 Dungeon Crawl Stone Soup version 0.23.2-1-ga50397a (webtiles) character file.

Game seed: 16511516847925725928

131 troglodite the Skirmisher (level 4, 0/38 HPs)
             Began as a Demonspawn Berserker on May 1, 2019.
             Was a Believer of Trog.
             Slain by Killmatronix's ghost (9 damage)
             ... on level 3 of the Dungeon.
             The game lasted 00:08:25 (3235 turns).

troglodite the Skirmisher (Demonspawn Berserker)    Turns: 3235, Time: 00:08:25

Health: 0/38       AC: 10    Str: 17    XL:     4   Next: 91%
Magic:  4/4        EV:  7    Int:  8    God:    Trog [**....]
Gold:   179        SH:  0    Dex: 14    Spells: 3/3 levels left

rFire    . . .     SeeInvis .   a - +0 falchion
rCold    . . .     Gourm    .   (no shield)
rNeg     . . .     Faith    .   p - +0 chain mail
rPois    .         Spirit   .   (no helmet)
rElec    .         Reflect  .   (no cloak)
rCorr    .         Harm     .   (no gloves)
MR       .....                  (no boots)
Stlth    ..........             e - amulet of regeneration
HPRegen  0.52/turn              (no ring)
MPRegen  0.09/turn              (no ring)

@: berserk cooldown, slowed, lightly drained, very slow
A: rugged brown scales 2, powered by death 1
a: Berserk, Trog's Hand, Renounce Religion


You were on level 3 of the Dungeon.
You worshipped Trog.
Trog was pleased with you.
You were very hungry.

You visited 1 branch of the dungeon, and saw 3 of its levels.

You collected 179 gold pieces.

Inventory:

Hand Weapons
 a - a +0 falchion (weapon)
Armour
 p - a +0 chain mail (worn)
Jewellery
 e - an amulet of regeneration (around neck)
Wands
 o - a wand of flame (15)
Scrolls
 d - 3 scrolls of teleportation {unknown}
 g - a scroll of blinking {unknown}
 h - 2 scrolls of amnesia {unknown}
 j - 4 scrolls of remove curse {unknown}
 m - a scroll of noise {unknown}
Potions
 b - a potion of agility {unknown}
 f - 2 potions of berserk rage {unknown}
 k - 2 potions of curing {unknown}
 l - 2 potions of lignification {unknown}
 n - a potion of brilliance {unknown}
Comestibles
 c - 6 rations


   Skills:
 * Level 3.9(3.7) Fighting
 + Level 3.8(3.5) Long Blades
 * Level 2.4(2.2) Armour
 * Level 2.4(2.1) Dodging


You had 3 spell levels left.
You didn't know any spells.
Your spell library was empty.

Dungeon Overview and Level Annotations

Branches:
Dungeon (3/15)

Altars:
Yredelemnul

Annotations:
D:3 Killmatronix's ghost, amateur CeWn


Innate Abilities, Weirdness & Mutations

You are mostly covered in rugged brown scales. (AC +2, +5% HP)
You regenerate a little health from kills.


Message History

Killmatronix's ghost is almost destroyed.
Killmatronix's ghost hits you.
Killmatronix's ghost hits you but does no damage.
You hit Killmatronix's ghost.
Killmatronix's ghost is almost destroyed.
Killmatronix's ghost hits you but does no damage.
Killmatronix's ghost hits you.
Your chain mail prevents you from hitting Killmatronix's ghost.
Killmatronix's ghost is almost destroyed.
Killmatronix's ghost hits you.
You barely miss Killmatronix's ghost.
Killmatronix's ghost is almost destroyed.
Killmatronix's ghost hits you!
Killmatronix's ghost hits you but does no damage.
Your chain mail prevents you from hitting Killmatronix's ghost.
Killmatronix's ghost is almost destroyed.
Killmatronix's ghost hits you.
* * * LOW HITPOINT WARNING * * *
Killmatronix's ghost hits you!
You die...

## #.# #
#.## ####
#..# ...#
##.# ##.#
#.# .#(#
#.# .#.#
########.#
##.#
#.....#..#
...#
#?≈≈≈≈W@.#
####
#.....#.##
#########


You could see Killmatronix's ghost.

Vanquished Creatures
  Terence (D:3)
  3 adders (D:2)
  3 worms
  A dart slug (D:3)
  2 ball pythons
  2 giant cockroaches (D:1)
  3 goblins
  9 hobgoblins
  11 jackals
  7 bats
  6 frilled lizards
  14 kobolds
  8 rats
70 creatures vanquished.

Notes
Turn   | Place    | Note
-------+----------+-------------------------------------------
     0 | D:1      | troglodite the Demonspawn Berserker began the quest for the
                  | Orb.
     0 | D:1      | Reached XP level 1. HP: 18/18 MP: 1/1
    54 | D:1      | Gained mutation: You are partially covered in rugged brown
                  | scales. (AC +1, +3% HP) [demonic ancestry]
    54 | D:1      | Reached XP level 2. HP: 7/24 MP: 2/2
  1459 | D:2      | Gained mutation: You regenerate a little health from kills.
                  | [demonic ancestry]
  1459 | D:2      | Reached XP level 3. HP: 29/29 MP: 3/3
  1796 | D:2      | Reached ** piety under Trog
  1862 | D:2      | Gained mutation: You are mostly covered in rugged brown
                  | scales. (AC +2, +5% HP) [demonic ancestry]
  1862 | D:2      | Reached XP level 4. HP: 36/38 MP: 4/4
  2237 | D:2      | Found a basalt altar of Yredelemnul.
  2697 | D:3      | Noticed Terence
  2708 | D:3      | Killed Terence
  3039 | D:3      | Found a runed translucent door.
  3040 | D:3      | Noticed Killmatronix's ghost (amateur CeWn)
  3235 | D:3      | Slain by Killmatronix's ghost

Skill      XL: |  1  2 |
---------------+-------+-----
Dodging        | 2 |  2.4
Armour         | 2 |  2.4
Long Blades    | 3 |  3.8
Fighting       | |  3.9

Action                   |  1- 3 |  4- 6 || total
-------------------------+-------+-------++-------
Melee: Falchion          |   119 |   117 ||   236
Invok: Berserk           |     4 |     3 ||     7
  Eat: Chunk             |     6 |     7 ||    13
Armor: Animal skin       |    10 |       ||    10
       Ring mail         |    35 |    39 ||    74
       Chain mail        |       |    21 ||    21
Dodge: Dodged            |    94 |    66 ||   160
       Rpst.: Falchion   |    22 |    18 ||    40
